 Dungeon Crawl Stone Soup version 0.23-a0-677-g07611c5 (console) character file.

13 Duffy the Firebug (level 2, -3/19 HPs)
             Began as a Demonspawn Fire Elementalist on Jan 9, 2019.
             Killed from afar by an orc wizard (11 damage)
             ... with a puff of flame
             ... on level 3 of the Dungeon.
             The game lasted 00:01:21 (906 turns).

Duffy the Firebug (Demonspawn Fire Elementalist)     Turns: 906, Time: 00:01:22

Health: -3/19      AC:  2    Str:  8    XL:     2   Next: 24%
Magic:  1/5        EV: 12    Int: 14    God:
Gold:   44         SH:  0    Dex: 13    Spells: 4/5 levels left

rFire    . . .     SeeInvis .   (no weapon)
rCold    . . .     Gourm    .   (no shield)
rNeg     . . .     Faith    .   a - +0 robe
rPois    .         Spirit   .   (no helmet)
rElec    .         Reflect  .   (no cloak)
rCorr    .         Harm     .   (no gloves)
MR       .....                  (no boots)
Stlth    ++........             (no amulet)
HPRegen  0.06/turn              g - -2 ring of intelligence (curse)
MPRegen  0.09/turn              (no ring)

@: no status effects
A: powered by death 1
a: no special abilities


You were on level 3 of the Dungeon.
You were not hungry.

You visited 1 branch of the dungeon, and saw 3 of its levels.

You collected 44 gold pieces.

Inventory:

Armour
 a - a +0 robe (worn)
Jewellery
 g - a cursed -2 ring of intelligence (left hand)
Wands
 b - a wand of flame (19)
Potions
 d - 2 potions of agility
Comestibles
 c - 3 rations
 f - 3 chunks of flesh


   Skills:
 - Level 1.7 Dodging
 - Level 1.7 Stealth
 - Level 2.0 Spellcasting
 + Level 2.3 Conjurations
 - Level 2.6 Fire Magic


You had 4 spell levels left.
You knew the following spells:

 Your Spells              Type           Power        Failure   Level  Hunger
h - Flame Tongue          Conj/Fire      #....        9%          1    ##.....

Your spell library contained the following spells:

 Spells                   Type           Power        Failure   Level  Hunger
 Throw Flame              Conj/Fire      #.....       13%         2    ###....
 Conjure Flame            Conj/Fire      #.......     26%         3    ####...
 Inner Flame              Hex/Fire       #.......     38%         3    ####...
 Sticky Flame             Conj/Fire      #.......     63%         4    #####..
 Fireball                 Conj/Fire      #.........   93%         5    ######.


Dungeon Overview and Level Annotations

Branches:
Dungeon (3/15)

Altars:
Fedhas
Okawaru

Annotations:
D:3 Terence


Innate Abilities, Weirdness & Mutations

You regenerate a little health from kills.


Message History

The orc wizard hits you with a +0 dagger.
Casting: Flame Tongue (safe; 9% risk of failure)
Confirm with . or Enter, or press ? or * to list all spells.
Aiming: Flame Tongue (safe; 9% risk of failure)
Press: ? - help, Shift-Dir - straight line, f/p - orc wizard
Aim: an orc wizard, wielding a +0 dagger and wearing a +0 robe (fast)
The flame tongue misses the orc wizard.
The orc wizard hits you with a +0 dagger.
Casting: Flame Tongue (safe; 9% risk of failure)
Confirm with . or Enter, or press ? or * to list all spells.
Aiming: Flame Tongue (safe; 9% risk of failure)
Press: ? - help, Shift-Dir - straight line, f/p - orc wizard
Aim: an orc wizard, wielding a +0 dagger and wearing a +0 robe (fast)
The flame tongue hits the orc wizard.
The orc wizard is lightly wounded.
The orc wizard hits you but does no damage.
The orc wizard gestures at you while chanting.
The puff of flame hits you!
Ouch! That really hurt!
You die... #.. .. .. # .## 7777 ...
P7P777

#.# ....P7 #o# .....7
#@### 77777########
#...#
............#######.#
.....######.#P..###.#
#...## #....P..##.#
##.## #..PP..P...##
#.# ##...77..P...#
#.# ##...PP77.P...#
#.# #..P77777777P.#


You could see an orc wizard.

Vanquished Creatures
  An orc (D:3)
  A goblin (D:1)
  3 hobgoblins (D:1)
  A kobold (D:1)
  A quokka (D:2)
  A bat (D:2)
  A frilled lizard (D:1)
  2 rats (D:1)
11 creatures vanquished.

Vanquished Creatures (others)
  A plant (D:3)
1 creature vanquished.

Grand Total: 12 creatures vanquished

Notes
Turn   | Place    | Note
-------+----------+-------------------------------------------
     0 | D:1      | Duffy the Demonspawn Fire Elementalist began the quest for
                  | the Orb.
     0 | D:1      | Reached XP level 1. HP: 13/13 MP: 3/3
   442 | D:1      | Gained mutation: You regenerate a little health from kills.
                  | [demonic ancestry]
   442 | D:1      | Reached XP level 2. HP: 9/19 MP: 0/5
   621 | D:2      | Found a blossoming altar of Fedhas.
   705 | D:2      | Found an iron altar of Okawaru.
   842 | D:3      | Noticed Terence
   906 | D:3      | Killed from afar by an orc wizard

Vault maps used:
D:1:      dpeg_chamrin_arrival_tetris
D:2:      wad_woods_tower, lemuel_doored_altar, lemuel_crystal_altar,
          lemuel_crystal_altar
D:3:      marbit_many_paths, nicolae_overflow_crystal_walls, serial_forest,
          infiniplex_forest_end_2, infiniplex_forest_clump_diagonal,
          infiniplex_forest_clump_cross, infiniplex_forest_lined_2,
          infiniplex_forest_straight_3, infiniplex_forest_lined_corner,
          infiniplex_forest_clump_long, infiniplex_forest_end_1, first_ration,
          nicolae_dithmenos_shadow_blocks, uniq_terence

Skill      XL: |  1 |
---------------+----+-----
Conjurations   | 2 |  2.3
Dodging        | |  1.7
Stealth        | |  1.7
Spellcasting   | |  2.0
Fire Magic     | |  2.6

Action                   || total
-------------------------++-------
Melee: Unarmed           ||     5
 Cast: Flame Tongue      ||    26
  Use: Scroll            ||     2
Armor: Robe              ||     1
Dodge: Dodged            ||     8

Table legend:
 A = Non-vault XP
 B = Vault XP
 C = Vault XP percentage of total XP
 D = Non-vault monster count
 E = Vault monster count
 F = Vault count percentage of total count
                 A         B        C        D         E       F
            +---------+---------+-------+---------+---------+-------
      Total |      17 |       2 |  10.5 |      10 |       1 |   9.1
            +---------+---------+-------+---------+---------+-------
        D:1 |      13 |       0 |   0.0 |       8 |       0 |   0.0
        D:2 |       1 |       2 |  66.7 |       1 |       1 |  50.0
        D:3 |       3 |       0 |   0.0 |       1 |       0 |   0.0
            +---------+---------+-------+---------+---------+-------
